 Dungeon Crawl Stone Soup version v1.0-484-g42a0498 (webtiles) character file.

65 BaronVonScrub the Conjurer (level 4, -1/27 HPs)
             Began as a Hermit Crab Conjurer on July 25, 2018.
             Slain by Sigmund
             ... wielding a +0 scythe
              (10 damage)
             ... on level 3 of the Dungeon.
             The game lasted 00:04:44 (1540 turns).

BaronVonScrub the Conjurer (Hermit Crab Conjurer)   Turns: 1540, Time: 00:04:45

Health: -1/27      AC:  5    Str:  7 (10) XL:     4   Next: 13%
Magic:  8/10       EV: 12    Int: 14 (17) God:
Gold:   162        SH:  0    Dex: 10 (11) Spells: 9/10 levels left

rFire    . . .     SeeInvis .   (no weapon)
rCold    . . .     Gourm    .   (no shield)
rNeg     . . .     Faith    .   d - +0 ring mail
rPois    +         Spirit   .   (helmet unavailable)
rElec    .         Reflect  .   (no cloak)
rCorr    .         Harm     .   (gloves unavailable)
MR       .....                  (boots unavailable)
Stlth    ..........             (no amulet)
HPRegen  0.09/turn              (no ring)
MPRegen  0.12/turn              (no ring)

@: confused
A: pincers, frail 1, poison resistance, MP-powered wands, sturdy frame 3
a: no special abilities


You were on level 3 of the Dungeon.
You were not hungry.

You visited 1 branch of the dungeon, and saw 3 of its levels.

You collected 162 gold pieces.

Inventory:

Armour
 a - a +1 robe
 b - a +0 robe
 d - a +0 ring mail (worn)
 m - a +0 leather armour
Scrolls
 e - a scroll of remove curse
 g - a scroll of enchant weapon
 i - a scroll of teleportation {unknown}
 o - 3 scrolls of recharging
Potions
 h - a potion of cancellation {unknown}
 k - a potion of curing
Comestibles
 c - 4 rations
 f - 6 chunks of flesh


   Skills:
 * Level 2.2 Armour
 - Level 2.2 Dodging
 - Level 2.0 Stealth
 + Level 3.6 Spellcasting
 - Level 5.0 Conjurations


You had 9 spell levels left.
You knew the following spells:

 Your Spells              Type           Power        Failure   Level  Hunger
a - Magic Dart            Conj           ###.         2%          1    None

Your spell library contained the following spells:

 Spells                   Type           Power        Failure   Level  Hunger
 Iskenderun's Battlesphe  Conj/Chrm      #.......     89%         5    ######.
 Fulminant Prism          Conj/Hex       #.........   56%         4    ####...
 Dazzling Spray           Conj/Hex       #.....       22%         3    ###....
 Force Lance              Conj/Tloc      #.......     56%         4    ####...
 Searing Ray              Conj           ###...       3%          2    ##.....


Dungeon Overview and Level Annotations

Branches:
Dungeon (3/15)

Altars:

Annotations:
D:3 Sigmund


Innate Abilities, Weirdness & Mutations

Your physical structure is perfection and can not be permanently altered.
You have pincers for hands.
Your movements are significantly less encumbered by armour. (ER -6)
You are frail. (-10% HP)
Your system is resistant to poisons. (rPois)
You expend magic power (3 MP) to strengthen your wands.


Message History

Deactivating autopickup; reactivate with Ctrl-A.
You bump into the rock wall.
You hear some strange, mumbled words.
A puff of flame appears from out of thin air!
The puff of flame hits you!
You're too confused to move!
Something completely misses you. Something hits you.
You bump into the rock wall.
You feel less confused.
You hear some strange, mumbled words.
You are confused.
You bump into the rock wall.
Something hits you but does no dacastercrab.
You miss something. Something hits you.
* * * CRAB GONE DIE * * *
You miss something. Something completely misses you.
There is a stone crab tunnel leading down here.
Something hits you!
Your journey is over little crab

##########
######........#
#....#........#
#####....#........#
#...'....'.........
#.###....#........#
#.##########.......
#>@{.......'.......
#.##########.......
#.# #..........##
#.. +...........#
... #...........#
#### #...........#
#######......
#####.##.##
#.........#


There were no monsters in sight!

Vanquished Creatures
  2 adders (D:2)
  An ooze (D:1)
  A dart slug (D:2)
  2 leopard geckos
  A bat (D:2)
  4 giant cockroaches
  4 goblins
  7 hobgoblins
  4 jackals (D:2)
  3 kobolds
  A quokka (D:2)
  A frilled lizard (D:2)
  2 rats (D:1)
33 creatures vanquished.

Notes
Turn   | Place    | Note
-------+----------+-------------------------------------------
     0 | D:1      | BaronVonScrub the Hermit Crab Conjurer began the quest for the Orb.
     0 | D:1      | Reached XP level 1. HP: 13/13 MP: 5/5
   176 | D:1      | Reached XP level 2. HP: 19/19 MP: 1/6
   361 | D:1      | Reached skill level 5 in Conjurations
   730 | D:2      | Reached XP level 3. HP: 24/24 MP: 5/8
   781 | D:2      | Reached skill level 1 in Armour
  1090 | D:2      | Reached XP level 4. HP: 27/30 MP: 4/10
  1229 | D:2      | Gained mutation: Your system is resistant to poisons. (rPois) [potion of mutation]
  1229 | D:2      | Gained mutation: You are frail. (-10% HP) [potion of mutation]
  1229 | D:2      | Gained mutation: You expend magic power (3 MP) to strengthen your wands. [potion of mutation]
  1516 | D:3      | Noticed Sigmund
  1540 | D:3      | Slain by Sigmund

Skill      XL: |  1  2  3 |
---------------+----------+-----
Spellcasting   | 3 |  3.6
Conjurations   | 5 |  5.0
Armour         | 2 |  2.2
Dodging        | |  2.2
Stealth        | |  2.0

Action                   |  1- 3 |  4- 6 || total
-------------------------+-------+-------++-------
Melee: Unarmed           |    33 |     9 ||    42
 Cast: Magic Dart        |    56 |    13 ||    69
  Use: Scroll            |     4 |     3 ||     7
       Potion            |     2 |     5 ||     7
 Stab: Sleeping          |     1 |       ||     1
  Eat: Chunk             |       |     2 ||     2
Armor: Robe              |     6 |       ||     6
       Ring mail         |       |     2 ||     2
Dodge: Dodged            |    31 |     8 ||    39
